 Dungeon Crawl Stone Soup version 0.29-a0-512-gf59ac788ac (webtiles) character file.

Game seed: 2435586936482347600

39 ytrimaz the Insei (level 3, -8/24 HPs)
             Began as an Octopode Transmuter on May 29, 2022.
             Killed by nerve-wracking pain
             ... invoked by an orc priest
              (14 damage)
             ... on level 3 of the Dungeon.
             The game lasted 00:01:50 (2297 turns).

ytrimaz the Insei (Octopode Transmuter)             Turns: 2297, Time: 00:01:51

Health: -8/24      AC:  1    Str:  9    XL:     3   Next: 45%
Magic:  4/6        EV: 13    Int: 17    God:
Gold:   125        SH:  0    Dex: 12    Spells: 0/6 levels left

rFire   . . .      SeeInvis .     - Unarmed
rCold   . . .      Faith    .   (no shield)
rNeg    . . .      Spirit   .   (helmet restricted)
rPois   .          Reflect  .   (no amulet)
rElec   .          Harm     .   (no ring)
rCorr   .          Rampage  .   (no ring)
Will    .....                   (no ring)
Stlth   ++........              (no ring)
HPRegen 0.08/turn               (no ring)
MPRegen 0.10/turn               (no ring)
                                (no ring)
                                (no ring)

@: confused
A: almost no armour, amphibious, 8 rings, camouflage 1, gelatinous body 1,
(nimble swimmer 1), tentacles
a: no special abilities


You were on level 3 of the Dungeon.
You visited 1 branch of the dungeon, and saw 3 of its levels.

You collected 125 gold pieces.

Inventory:

Jewellery
 b - an amulet of faith
Scrolls
 e - a scroll of identify
 g - a scroll of teleportation
 h - a scroll of magic mapping
 k - a scroll of amnesia
Potions
 a - 2 potions of lignification
 c - a potion of magic {unknown}
 d - a potion of berserk rage {unknown}
 f - a potion of attraction {unknown}
 i - a potion of cancellation {unknown}
 j - a potion of might {unknown}


   Skills:
 * Level 1.6 Fighting
 * Level 2.5 Dodging
 + Level 3.8 Unarmed Combat
 - Level 2.0 Spellcasting
 - Level 2.0 Transmutations


You couldn't memorise any spells.
You knew the following spells:

 Your Spells              Type           Power      Damage    Failure   Level
a - Beastly Appendage     Tmut           16%        N/A       9%          1
b - Wereblood             Tmut           8%         N/A       13%         2
c - Spider Form           Tmut/Pois      5%         N/A       36%         3

Your spell library contained the following spells:

 Spells                   Type           Power      Damage    Failure   Level
 Ensorcelled Hibernation  Hex/Ice        2%         N/A       28%         2
 Ice Form                 Ice/Tmut       5%         N/A       77%         4
 Anguish                  Hex/Necr       0%         N/A       88%         4


Dungeon Overview and Level Annotations

Branches:
Dungeon (3/15)

Altars:

Shops:
D:3 [


Innate Abilities, Weirdness & Mutations

You cannot wear most types of armour.
You are amphibious.
You can wear up to eight rings at the same time.
Your skin changes colour to match your surroundings (Stealth+).
Your rubbery body absorbs attacks. (AC +1, EV +1)
((You are camouflaged when in or above water. (Stealth+)))
You have tentacles for arms and can constrict up to eight enemies at once.


Message History

Confirm with . or Enter, or press ? or * to list all spells.
The spell is quite dangerous to miscast (30% risk of failure)!
Continue anyway?
Okay, then.
There are no items here.
There are no items here.
There are no items here.
There are no items here.
There are no items here.
There are no items here.
There are no items here.
Your transformation is almost over.
Unknown command.
An orc comes into view. It is wielding a +0 trident.
The orc priest completely misses you.
The orc shouts!
You hit the orc wizard.
The orc wizard is moderately wounded.
The orc wizard points at you and mumbles some strange words.
You are confused.
The orc priest hits you with a +0 flail.
You hit the orc wizard.
The orc wizard is poisoned.
The orc wizard is severely wounded.
The orc wizard gestures at you while chanting.
You are more confused.
The orc priest completely misses you.
You closely miss the orc priest. The orc wizard closely misses you.
The orc priest hits you with a +0 flail.
You bump into the rock wall.
The orc wizard points at you and mumbles some strange words.
You resist with significant effort.
The orc priest hits you with a +0 flail!
* * * LOW HITPOINT WARNING * * *
You're too confused to move!
Your transformation has ended.
You kill the orc wizard!
The orc barely misses you.
The orc priest calls down the wrath of Beogh upon you.
Pain shoots through your body!
Ouch! That really hurt!
You die...

##...## ###...##.....###..
.....#### #.........####..
#......# #..#..>.....##..
#......###...^.....#.##..
............#.##.......
###........##.###......
##......#....#.###..###.
##..###..#..............# ).
.. #..#####@#.(#...##...##..
#..#
.b##.##..oo)#.........#.####
#..
#.##.#..###......######...
#.##.##...######....###
###.#
#..#.##..###..........# #
#...#...# #..........#
#####>.....# #......).....
#......o.### #........##.#
...........###......### .#


You could see an orc priest and an orc.

Vanquished Creatures
  An orc wizard (D:3)
  4 dart slugs
  An orc (D:3)
  A giant cockroach (D:2)
  A goblin (D:3)
  3 hobgoblins
  3 jackals (D:2)
  3 kobolds
  2 quokkas
  2 ball pythons
  4 bats
  A frilled lizard (D:3)
  3 rats
29 creatures vanquished.

Notes
Turn   | Place    | Note
-------+----------+-------------------------------------------
     0 | D:1      | ytrimaz the Octopode Transmuter began the quest for the
                  | Orb.
     0 | D:1      | Reached XP level 1. HP: 13/13 MP: 3/3
   210 | D:1      | Reached XP level 2. HP: 11/18 MP: 3/5
   421 | D:1      | Found a faded altar of an unknown god.
   467 | D:1      | You fall into a shaft and drop 1 floor!
  1394 | D:2      | Reached XP level 3. HP: 23/23 MP: 4/6
  1397 | D:2      | Learned a level 2 spell: Wereblood
  1401 | D:2      | Learned a level 3 spell: Spider Form
  2266 | D:3      | Found Zirodghe's Antique Armour Boutique.
  2297 | D:3      | Killed from afar by an orc priest

Illustrated notes

Levels and vault maps discovered:
D:1:      minmay_arrival_jagged, layout_loops_ring, basic_ecumenical_altar
D:2:      layout_loops_ring, minmay_misc_feat_iff, corexii_hall_statues_x,
          minmay_misc_feat_x, grunt_decor_one_mirror, minmay_misc_feat_square
D:3:      layout_rooms, serial_shops, shop, uniq_crazy_yiuf_cottage

Action                   || total
-------------------------++-------
Melee: Unarmed           ||    53
       Constrict         ||    21
       Kick              ||    20
       Tentacles         ||    10
       Punch             ||     1
 Cast: Beastly Appendage ||    18
       Spider Form       ||     1
  Use: Scroll            ||     5
 Stab: Sleeping          ||     6
Armor: Skin              ||     6
Dodge: Dodged            ||    52

Table legend: (Time is in decaauts)
 A = Elapsed time spent in this place.
 B = Non-inter-level travel time spent in this place.
 C = Inter-level travel time spent in this place.
 D = Time resting spent in this place.
 E = Time spent auto-exploring this place.
 F = Levels seen in this place.
 G = Mean time per level.
                   A        B        C        D        E       F      G
               +--------+--------+--------+--------+--------+-----+--------+
         Total |   2292 |   2261 |     31 |      0 |   1964 |   3 |  764.0 |
       Dungeon |   2292 |   2261 |     31 |      0 |   1964 |   3 |  764.0 |
               +--------+--------+--------+--------+--------+-----+--------+

Top non-repeatable levels by time:
     D:2: 969 daAuts
     D:1: 893 daAuts
     D:3: 429 daAuts
